 Dungeon Crawl Stone Soup version 0.26-a0-259-g1effd001a9 (webtiles) character file.

Game seed: 14847790504862444410

5 mortelune the Skirmisher (level 1, -1/18 HPs)
             Began as a Formicid Abyssal Knight on July 11, 2020.
             Was an Initiate of Lugonu.
             Succumbed to a hobgoblin's poison
             ... on level 1 of the Dungeon.
             The game lasted 00:00:39 (338 turns).

mortelune the Skirmisher (Formicid Abyssal Knight)   Turns: 338, Time: 00:00:40

Health: -1/18      AC:  5    Str: 16    XL:     1   Next: 88%
Magic:  2/2        EV: 10    Int: 11    God:    Lugonu [......]
Gold:   18         SH:  0    Dex: 10    Spells: 0/0 levels left

rFire    . . .     SeeInvis +   a - +1 hand axe
rCold    . . .     Faith    .   (no shield)
rNeg     . . .     Spirit   .   d - +0 ring mail
rPois    .         Reflect  .   (helmet unavailable)
rElec    .         Harm     .   (no cloak)
rCorr    .                      (no gloves)
MR       .....                  (no boots)
Stlth    ..........             (no amulet)
HPRegen  0.06/turn              (no ring)
MPRegen  0.08/turn              (no ring)

@: lethally poisoned (-1 -> -17)
A: permanent stasis, dig shafts and tunnels, four strong arms, antennae 3
a: Dig, Shaft Self, Renounce Religion


You were on level 1 of the Dungeon.
You worshipped Lugonu.
Lugonu was noncommittal.
You were not hungry.

You visited 1 branch of the dungeon, and saw 1 of its levels.
You visited the Abyss 1 time.

You collected 18 gold pieces.

Inventory:

Hand Weapons
 a - a +1 hand axe (weapon)
Armour
 b - a +0 leather armour
 d - a +0 ring mail (worn)
Comestibles
 c - 2 rations


   Skills:
 + Level 3.4 Fighting
 * Level 2.2 Axes
 + Level 2.3 Armour
 - Level 0.8 Dodging
 - Level 2.1 Invocations


You couldn't memorise any spells.
You didn't know any spells.
Your spell library was empty.

Dungeon Overview and Level Annotations

Branches:
Dungeon (1/15)

Altars:


Innate Abilities, Weirdness & Mutations

You cannot be hasted, slowed, berserked, paralysed or teleported.
You can dig through walls and to a lower floor.
Your four strong arms can wield two-handed weapons with a shield.
You have a pair of large antennae on your head. (SInv)


Message History

You see here a poisoned dart.
You feel sick.
The hobgoblin throws a poisoned dart.
The poisoned dart closely misses you.
You feel sick.
The hobgoblin throws a poisoned dart.
The poisoned dart hits you!
You are more poisoned.
There is a stone staircase leading down here.
You feel sick.
You feel sick.
* * * LOW HITPOINT WARNING * * *
You feel sick.
You aren't carrying any potions.
* * * LOW HITPOINT WARNING * * *
You feel sick.
* * * LOW HITPOINT WARNING * * *
You feel sick.
* * * LOW HITPOINT WARNING * * *
You feel sick.
Your ring mail prevents you from hitting the goblin.
You die...

.......................#
######################.#
.......................##########
########################.........
.........................##.#####
########################.##.#
#######.........##[#####
...............)........
#########@#.....####.#####
+.....).†g#...............
########..#.....####.#####
#......#..#.....# #.#
#......#..#.....# #.#
#.....(.#.....# #.#
#.#....g#.....# #[#
#.###.#.....## #.# #. #(........
#+#


You could see a hobgoblin and a goblin.

Vanquished Creatures
  3 goblins (D:1)
  A hobgoblin (D:1)
4 creatures vanquished.

Notes
Turn   | Place    | Note
-------+----------+-------------------------------------------
     0 | Abyss:1  | mortelune the Formicid Abyssal Knight began the quest for
                  | the Orb.
     0 | Abyss:1  | Reached XP level 1. HP: 18/18 MP: 2/2
    55 | Abyss:1  | Found a corrupted altar of Lugonu.
   134 | Abyss:1  | Noticed a worldbinder
   135 | D:1      | Escaped the Abyss
   338 | D:1      | Succumbed to a hobgoblin's poison

Illustrated notes

Levels and vault maps discovered:
D:1:      wheals_arrival_linesprint, layout_basic, minmay_close_crescents

Action                   || total
-------------------------++-------
Melee: Hand axe          ||     9
Invok: Depart the Abyss  ||     1
Armor: Ring mail         ||     2
       Leather armour    ||     1
Dodge: Dodged            ||     6

Table legend:
 A = Non-vault XP
 B = Vault XP
 C = Vault XP percentage of total XP
 D = Non-vault monster count
 E = Vault monster count
 F = Vault count percentage of total count
                 A         B        C        D         E       F
            +---------+---------+-------+---------+---------+-------
      Total |       4 |       4 |  50.0 |       2 |       2 |  50.0
            +---------+---------+-------+---------+---------+-------
        D:1 |       4 |       4 |  50.0 |       2 |       2 |  50.0
            +---------+---------+-------+---------+---------+-------
